 Dungeon Crawl Stone Soup version 0.31-a0-986-g5e6e4ef867 (webtiles) character file.

Game seed: 2328771138187604367

69500 Lobster4 the Thaumaturge (level 14, -20/78 HPs)
             Began as a Deep Elf Conjurer on Nov 9, 2023.
             Was a High Priest of Vehumet.
             Demolished by an ettin
             ... wielding a +0 heavy giant spiked club
              (98 damage)
             ... on level 1 of the Orcish Mines.
             The game lasted 01:43:23 (28988 turns).

Lobster4 the Thaumaturge (Deep Elf Conjurer)       Turns: 28988, Time: 01:43:24

Health: -20/78     AC: 19    Str:  4    XL:     14   Next: 90%
Magic:  22/33      EV: 20    Int: 29    God:    Vehumet [*****.]
Gold:   532        SH:  0    Dex: 13    Spells: 4/40 levels left

rFire   + . .        B - +3 Elemental Staff {ele, rElec rF+ rC+ AC+3}
rCold   + . .        (no shield)
rNeg    . . .        d - +1 leather armour of Vlad {rPois}
rPois   +            A - +0 helmet
rElec   +            f - +1 cloak
rCorr   .            E - +2 pair of gloves
SInv    .            F - +3 pair of seven-league boots {Rampage+∞}
Will    +....        W - amulet of magic regeneration
Stlth   ++++         U - ring of flight
HPRegen 0.33/turn    y - +5 ring of evasion
MPRegen 0.63/turn

%: rampage+∞
@: flying
A: no striking features
a: Renounce Religion


You were on level 1 of the Orcish Mines.
You worshipped Vehumet.
Vehumet was extremely pleased with you.
You visited 4 branches of the dungeon, and saw 19 of its levels.
You also visited: Bailey.

You collected 1633 gold pieces.
You spent 1101 gold pieces at shops.

Inventory:

Hand Weapons
 k - the +12 orcbow of Kinetic {drain, rF+ MP+9 Stlth+}
   (You found it on level 7 of the Dungeon)

   rF+:       It protects you from fire.
   MP+9:      It affects your magic capacity (+9).
   Stlth+:    It makes you more stealthy.
 B - the +3 Elemental Staff (weapon) {ele, rElec rF+ rC+ AC+3}
   (You acquired it on level 9 of the Dungeon)

   AC+3:      It affects your AC (+3).
   rF+:       It protects you from fire.
   rC+:       It protects you from cold.
   rElec:     It insulates you from electricity.
 K - a +3 dagger of venom
Missiles
 h - 47 poisoned darts
 Y - 3 curare-tipped darts
Armour
 a - +2 steam dragon scales
 d - the +1 leather armour of Vlad (worn) {rPois}
   (You found it on level 7 of the Dungeon)

   rPois:     It protects you from poison
 f - a +1 cloak (worn)
 p - a +1 pair of boots of rampaging
 A - a +0 helmet (worn)
 E - a +2 pair of gloves (worn)
 F - the +3 pair of seven-league boots (worn) {Rampage+∞}
   (You found it on level 9 of the Dungeon)

   Rampage+∞: When moving toward enemies, its wearer moves as far as possible,
   alerting their target en route.
 N - +0 acid dragon scales
Magical Staves
 n - a staff of fire
 C - a staff of earth
Jewellery
 s - a ring of willpower
 v - a ring of protection from fire
 y - a +5 ring of evasion (right hand)
 M - a ring of positive energy
 O - a ring of poison resistance
 U - a ring of flight (left hand)
 W - an amulet of magic regeneration (around neck)
 X - a ring of magical power
Wands
 z - a wand of paralysis (30)
 L - a wand of acid (9)
 Z - a wand of roots (10)
Scrolls
 e - 2 scrolls of fog
 i - a scroll of poison
 j - 2 scrolls of immolation
 r - 7 scrolls of teleportation
 w - 3 scrolls of fear
 H - 3 scrolls of blinking
 I - a scroll of enchant weapon
 R - a scroll of butterflies
 V - 7 scrolls of identify
Potions
 b - 2 potions of magic
 c - a potion of ambrosia
 g - 7 potions of curing
 l - 4 potions of lignification
 o - a potion of berserk rage
 q - 3 potions of resistance
 t - 4 potions of enlightenment
 u - 3 potions of brilliance
 x - a potion of might
 J - 3 potions of haste
 P - 2 potions of invisibility
 S - 5 potions of heal wounds
 T - a potion of mutation
Miscellaneous
 m - a phial of floods
 D - a sack of spiders
 G - a phantom mirror (inert)
 Q - a tin of tremorstones (2/2)


   Skills:
 - Level 5.0 Fighting
 - Level 2.0 Short Blades
 - Level 5.0 Staves
 + Level 7.4 Armour
 - Level 10.0 Dodging
 - Level 10.0 Stealth
 + Level 13.7 Spellcasting
 + Level 12.2 Conjurations
 + Level 13.0 Hexes
 - Level 5.0 Translocations
 + Level 4.4 Transmutations
 - Level 5.0 Air Magic
 + Level 8.4 Earth Magic
 - Level 3.0 Poison Magic
 - Level 5.0 Evocations


You had 4 spell levels left.
You knew the following spells:

 Your Spells              Type           Power      Damage    Failure   Level
a - Magic Dart            Conj           100%       1d8       1%          1
b - Searing Ray           Conj           100%       2d8       1%          2
c - Bombard               Conj/Erth      44%        9d7       2%          6
d - Iskenderun's Mystic   Conj/Tloc      63%        2d13      1%          4
e - Airstrike             Air            32%        2d(5-21)  1%          4
f - Mephitic Cloud        Conj/Pois/Air  73%        N/A       1%          3
g - Brom's Barrelling Bo  Conj/Erth      88%        2d10      1%          4
h - Fulminant Prism       Conj/Hex       37%        3d17      1%          4
i - Dazzling Flash        Conj/Hex       100%       N/A       1%          3
y - Yara's Violent Unrav  Hex/Tmut       31%        3d13      1%          5

Your spell library contained the following spells:

 Spells                   Type           Power      Damage    Failure   Level
 Arcjolt                  Conj/Air       40%        1d50      1%          5
 Sandblast                Erth           100%       2d20      1%          1
 Sting                    Tmut/Pois      100%       1d8       1%          1
 Cigotuvi's Dreadful Rot  Necr/Pois/Air  100%       N/A       1%          2
 Poisonous Vapours        Pois/Air       100%       N/A       1%          2
 Stone Arrow              Conj/Erth      100%       3d13      1%          3
 Sticky Flame             Conj/Fire      70%        2d8       1%          4
 Olgreb's Toxic Radiance  Pois           37%        N/A       3%          4
 Necrotise                Necr           76%        1d7       4%          1
 Vampiric Draining        Necr           19%        2d7       12%         3
 Dispel Undead            Necr           19%        3d11      38%         4
 Fireball                 Conj/Fire      35%        3d15      2%          5
 Freezing Cloud           Conj/Ice/Air   44%        6-21      3%          5
 Spellforged Servitor     Conj/Summ      26%        N/A       54%         7
 Agony                    Necr           19%        N/A       75%         5
 Death Channel            Necr           9%         N/A       99%         6
 Simulacrum               Ice/Necr       14%        N/A       99%         6
 Ozocubu's Refrigeration  Ice            14%        4d10      100%        7
 Polar Vortex             Ice            14%        12d1*     100%        9


Dungeon Overview and Level Annotations

Branches:
Dungeon (11/15)            Temple (1/1) D:4            Lair (5/5) D:11
  Swamp (0/4) Lair:2       Spider (0/4) Lair:3        Slime (0/5) Lair:4
    Orc (2/2) D:9             Elf (0/3) Orc:2        Bailey (visited)

Altars:
Ashenzari
Cheibriados
Dithmenos
Elyvilon
Fedhas
Gozag
Hepliaklqana
Kikubaaqudgha
Makhleb
Nemelex Xobeh
Okawaru
Qazlal
Ru
Sif Muna
Trog
Uskayaw
Vehumet
Wu Jian
Xom
Yredelemnul
Zin
The Shining One
Jiyva

Shops:
D:7 [   D:9 ?(!=!   Orc:2 ([[[

Annotations:
Lair:5 exclusion: obsidian statue
Orc:1 1 transporter, pokeman's ghost, journeyman DEHW


Message History

The moth of wrath is heavily wounded.
The blast of energy engulfs the moth of wrath!!!
The moth of wrath is almost dead.
The blast of energy engulfs the ettin!!
The ettin is heavily wounded.
The warg howls!
The moth of wrath goads the ettin on!
The ettin goes berserk!
Casting: Fulminant Prism (safe; 1% risk of failure)
Confirm with . or Enter, or press ? or * to list all spells.
You erupt in a blast of force!
The mystic blast hits the moth of wrath.
The moth of wrath is severely wounded.
The moth of wrath is knocked back by the mystic blast.
The moth of wrath slams into the rock wall!
The moth of wrath is almost dead.
The mystic blast hits the ettin.
The ettin is heavily wounded.
The ettin is knocked back by the mystic blast.
The ettin collides with the orc warrior!
The orc warrior is almost dead.
The ettin is severely wounded.
The orc knight roars a battlecry!
The orc warrior goes into a battle-frenzy!
The moth of wrath goads the orc warrior on!
The orc warrior goes berserk!
Unknown command.
Casting: Iskenderun's Mystic Blast (safe; 1% risk of failure)
Confirm with . or Enter, or press ? or * to list all spells.
You erupt in a blast of force!
The mystic blast hits the orc warrior!
You kill the orc warrior!
Vehumet accepts your kill.
You feel your power returning.
The mystic blast hits the moth of wrath!
You kill the moth of wrath!
Vehumet accepts your kill.
You feel your power returning.
The mystic blast hits the ettin!
The ettin is severely wounded.
The ettin hits you with a +0 heavy giant spiked club!!!!
Ouch! That really hurt!
You die...

####........##....###
#...##..#.# .......##..##.##T.#
####..#...###
.....#.#...#..#≈:[T##..#..##..##
...#.......#..##$o...To#..##...#
.......#...#....y..#yTy#..###.##
......###..##..).# #..##..# ###
......###...#...[###..#...#
........##..##..C..####..##
..._.....#...###@©.###...#
........###....#####....##
..........##.....©....###
....................###
..........##..#######
#.......####### ........#
#......## ########


You could see an orc knight, an ettin (berserk), a moth of wrath and a troll.

Vanquished Creatures
  Gastronok (Lair:2)
  6 dire elephants (Lair:5)
  An eleionoma (Lair:2)
  An ettin (Orc:2)
  6 hydras
  A centaur warrior (D:9)
  Erolcha (D:10)
  Erica (D:8)
  4 death yaks
  An orc high priest (Orc:1)
  Urug (Lair:4)
  Sonja (Lair:4)
  2 skysharks
  A spectral death yak (Lair:5)
  A spectral anaconda (Lair:5)
  An orb spider (Lair:3)
  3 orc knights
  An orange crystal statue (D:7)
  4 necromancers (Lair:5)
  An oklob plant (Lair:1)
  2 orc sorcerers
  A deep elf pyromancer (Bailey)
  A cyclops (D:11)
  6 black mambas
  A centaur zombie (D:11)
  10 elephants
  A moth of wrath (Orc:1)
  An ice statue (Lair:2)
  A torpor snail (Lair:5)
  An unseen horror (D:8)
  14 cane toads
  A cane toad (shapeshifter) (D:9)
  14 komodo dragons
  Psyche (D:10)
  A dire elephant skeleton (Lair:5)
  A freezing wraith (D:9)
  Maggie (D:7)
  6 rime drakes
  A hornet (D:10)
  2 polar bears
  2 trolls
  Prince Ribbit (D:8)
  15 blink frogs
  7 dream sheep (Lair:5)
  A spectral elephant (Lair:5)
  2 shadows
  3 vampires (D:11)
  A slime creature (D:9)
  45 yaks
  5 wyverns
  2 humans (D:8)
  A basilisk (Lair:2)
  A steam dragon (D:9)
  4 wargs (Orc:1)
  A vampire mosquito (D:9)
  2 death yak simulacra (Lair:5)
  2 spectral cane toads (Lair:5)
  5 acid dragons
  15 water moccasins
  42 orc warriors
  3 sky beasts
  A black bear (D:6)
  2 elephant zombies (Lair:5)
  An ice beast (D:7)
  5 ogres
  15 centaurs
  3 wolves
  An elephant skeleton (Lair:5)
  A phantom (D:3)
  4 kobold brigands
  A cane toad simulacrum (Lair:5)
  8 scorpions
  A gnoll sergeant (D:9)
  14 bullfrogs
  13 wights
  An elephant simulacrum (Lair:5)
  5 killer bees
  3 howler monkeys
  An electric eel (D:7)
  2 jellies (D:6)
  14 orc priests
  3 hounds
  An iguana (D:7)
  2 gnoll boudas
  18 orc wizards
  A sleepcap (D:7)
  A centaur simulacrum (D:9)
  Robin (D:4)
  10 adders
  19 gnolls
  A shadow imp (D:5)
  3 dart slugs
  73 orcs
  4 ball pythons
  7 bats
  3 endoplasms
  3 giant cockroaches
  14 goblins
  11 hobgoblins
  16 jackals
  6 quokkas
  5 frilled lizards (D:2)
  27 kobolds
  4 rats
595 creatures vanquished.

Vanquished Creatures (collateral kills)
  The ghost of AppTheSpectato the Metamorph, a journeyman TrSh of the Shining One (Lair:2)
  12 boulders
13 creatures vanquished.

Vanquished Creatures (others)
  An orc (Orc:2)
  21 boulders
  35 fulminant prisms
57 creatures vanquished.

Grand Total: 665 creatures vanquished

Notes
Turn   | Place    | Note
-------+----------+-------------------------------------------
     0 | D:1      | Lobster4 the Deep Elf Conjurer began the quest for the Orb.
     0 | D:1      | Reached XP level 1. HP: 10/10 MP: 6/6
   288 | D:1      | Reached XP level 2. HP: 15/15 MP: 6/8
   291 | D:1      | Learned a level 2 spell: Searing Ray
   844 | D:1      | Reached XP level 3. HP: 20/20 MP: 7/9
  1227 | D:1      | Found a faded altar of an unknown god.
  2137 | D:2      | Reached skill level 1 in Fighting
  2137 | D:2      | Reached skill level 1 in Armour
  2137 | D:2      | Reached XP level 4. HP: 25/25 MP: 5/11
  2192 | D:2      | Learned a level 3 spell: Dazzling Flash
  2359 | D:3      | Noticed a phantom
  2627 | D:3      | Reached XP level 5. HP: 29/29 MP: 8/12
  2673 | D:3      | Reached skill level 1 in Hexes
  3474 | D:4      | Noticed an ogre
  3697 | D:4      | Found a staircase to the Ecumenical Temple.
  3723 | Temple   | Entered the Ecumenical Temple
  3760 | Temple   | Became a worshipper of Vehumet
  3884 | D:4      | Noticed Robin
  3890 | D:4      | Killed Robin
  3891 | D:4      | Reached skill level 5 in Conjurations
  3959 | D:4      | Reached skill level 1 in Short Blades
  3959 | D:4      | Reached skill level 1 in Evocations
  3959 | D:4      | Reached XP level 6. HP: 25/34 MP: 4/14
  4191 | D:4      | Paralysed by a goblin for 2 turns
  4490 | D:5      | Entered Level 5 of the Dungeon
  4746 | D:5      | Found an ornate altar of the Wu Jian Council.
  4767 | D:5      | Found a sacrificial altar of Ru.
  5047 | D:5      | Reached XP level 7. HP: 39/39 MP: 10/15
  5656 | D:6      | Reached * piety under Vehumet
  5656 | D:6      | Offered knowledge of Sandblast by Vehumet.
  5802 | D:6      | Found a blossoming altar of Fedhas.
  5943 | D:6      | Reached skill level 5 in Spellcasting
  5943 | D:6      | Reached XP level 8. HP: 45/45 MP: 6/17
  6036 | D:6      | Found a basalt altar of Yredelemnul.
  6038 | D:6      | Found a glowing silver altar of Zin.
  6060 | D:6      | Reached skill level 5 in Stealth
  6229 | D:6      | Reached skill level 5 in Dodging
  6899 | D:6      | Found a hazy altar of Hepliaklqana.
  6902 | D:6      | Found a snail-covered altar of Cheibriados.
  7397 | D:3      | Learned a level 4 spell: Iskenderun's Mystic Blast
  7559 | D:7      | Identified the "Ocuamp"
  7637 | D:7      | Reached XP level 9. HP: 50/50 MP: 14/20
  7638 | D:7      | Reached skill level 5 in Hexes
  7638 | D:7      | Reached skill level 1 in Translocations
  7779 | D:7      | Offered knowledge of Shock by Vehumet.
  7959 | D:7      | Reached ** piety under Vehumet
  8069 | D:7      | Found Puolyst's Armour Emporium.
  8152 | D:7      | Found a runed translucent door.
  8755 | D:8      | Noticed Prince Ribbit
  8759 | D:8      | Killed Prince Ribbit
  9037 | D:8      | Offered knowledge of Volatile Blastmotes by Vehumet.
  9136 | D:8      | Found an iron altar of Okawaru.
  9142 | D:8      | Found a flagged portal.
  9145 | D:8      | Noticed Erica
  9152 | Bailey   | Entered a bailey
  9326 | Bailey   | Noticed an orc knight
  9369 | Bailey   | Killed an orc knight
  9370 | Bailey   | Reached XP level 10. HP: 39/56 MP: 11/23
  9479 | Bailey   | Found a large runed translucent door.
  9479 | Bailey   | Found a large runed translucent door.
  9480 | Bailey   | Noticed a deep elf pyromancer
  9488 | Bailey   | Reached *** piety under Vehumet
  9705 | Bailey   | Killed a deep elf pyromancer
 10083 | D:8      | Offered knowledge of Airstrike by Vehumet.
 10188 | D:8      | Learned a level 4 spell: Airstrike
 10578 | D:8      | Reached skill level 1 in Air Magic
 10815 | D:9      | Identified the of Opoqyef
 11012 | D:9      | Found a broken altar of Ashenzari.
 11842 | D:9      | Noticed a six-headed hydra
 11842 | D:9      | Found the +3 pair of seven-league boots {Rampage+∞}
 11892 | D:9      | Learned a level 3 spell: Mephitic Cloud
 11952 | D:9      | Found Ydaxys's Distillery.
 11965 | D:9      | Reached **** piety under Vehumet
 11971 | D:9      | Reached skill level 5 in Translocations
 11975 | D:9      | Bought a potion of invisibility for 120 gold pieces
 11975 | D:9      | Bought a potion of lignification for 45 gold pieces
 11976 | D:9      | Found a staircase to the Orcish Mines.
 11979 | D:9      | Bought a potion of attraction for 45 gold pieces
 11987 | D:9      | Bought a potion of berserk rage for 75 gold pieces
 12040 | D:9      | Found Ynkes's Jewellery Shop.
 12048 | D:9      | Found Nathra's Distillery.
 12130 | D:9      | Found Xextyu's Magic Scroll Shoppe.
 12183 | D:9      | Found Semuewn's Antique Weapon Boutique.
 12471 | D:10     | Entered Level 10 of the Dungeon
 12507 | D:10     | Noticed Erolcha
 12520 | D:10     | Killed Erolcha
 12521 | D:10     | Reached XP level 11. HP: 60/60 MP: 24/26
 12608 | D:10     | Noticed Psyche
 12612 | D:10     | Killed Psyche
 12704 | D:10     | Offered knowledge of Brom's Barrelling Boulder by Vehumet.
 12713 | D:10     | Learned a level 4 spell: Brom's Barrelling Boulder
 13205 | D:10     | Reached skill level 1 in Earth Magic
 13383 | D:10     | Found a shadowy altar of Dithmenos.
 13675 | D:11     | Found a staircase to the Lair.
 13800 | D:7      | Noticed Maggie
 14741 | D:7      | Noticed an orange crystal statue
 14748 | D:7      | Learned a level 4 spell: Fulminant Prism
 14856 | D:12     | Identified the "Ikeu"
 14856 | Orc:1    | Identified the "Vuoker"
 14856 | Orc:1    | Entered Level 1 of the Orcish Mines
 14891 | Orc:1    | Found a bloodstained altar of Trog.
 14891 | Orc:1    | Noticed pokeman's ghost (journeyman DEHW)
 14892 | Orc:1    | Noticed an ettin
 15138 | Orc:1    | Noticed an orc sorcerer
 15149 | Orc:1    | Killed an orc sorcerer
 15360 | Orc:1    | Noticed an orc knight
 15380 | Orc:1    | Killed an orc knight
 15490 | Orc:1    | Found a transporter.
 15514 | Orc:1    | Found a transporter.
 15611 | Orc:1    | Noticed an orc knight
 15678 | Orc:2    | Entered Level 2 of the Orcish Mines
 15678 | Orc:2    | Noticed an ettin
 15683 | Orc:2    | Killed an ettin
 15685 | Orc:2    | Noticed an orc sorcerer
 15929 | Orc:2    | Killed an orc sorcerer
 15986 | Orc:2    | Noticed an orc knight
 16036 | Orc:2    | Reached skill level 10 in Spellcasting
 16036 | Orc:2    | Found a staircase to the Elven Halls.
 16617 | Orc:1    | Reached skill level 10 in Stealth
 16899 | Orc:2    | Killed an orc knight
 16900 | Orc:2    | Reached XP level 12. HP: 38/63 MP: 17/28
 17249 | Orc:2    | Reached ***** piety under Vehumet
 17408 | Orc:2    | Reached skill level 1 in Poison Magic
 17409 | Orc:2    | Offered knowledge of Bombard by Vehumet.
 17419 | Orc:1    | Learned a level 6 spell: Bombard
 17937 | D:9      | Bought a scroll of acquirement for 676 gold pieces
 17937 | D:9      | Acquired the +3 Elemental Staff {ele, rElec rF+ rC+ AC+3}
 17937 | D:9      | Found the +3 Elemental Staff {ele, rElec rF+ rC+ AC+3}
 18204 | Orc:2    | Found Fihuh's Antique Armour Boutique.
 18204 | Orc:2    | Found Ere Duirusoa's Antique Armour Emporium.
 18206 | Orc:2    | Found Conuc's Antique Armour Shoppe.
 18208 | Orc:2    | Found Ofohoun's Weapon Shop.
 18358 | Lair:1   | Entered Level 1 of the Lair of Beasts
 18731 | Orc:1    | Noticed an orc high priest
 18793 | Orc:1    | Killed an orc high priest
 18798 | Orc:1    | Reached skill level 1 in Staves
 20220 | Lair:1   | Reached skill level 5 in Fighting
 20371 | Lair:1   | Reached skill level 10 in Dodging
 20572 | Lair:1   | Reached skill level 5 in Armour
 20779 | Lair:2   | Found a transporter.
 20793 | Lair:2   | Noticed a death yak
 20878 | Lair:2   | Reached skill level 10 in Hexes
 20893 | Lair:2   | Found a staircase to the Swamp.
 20894 | Lair:2   | Noticed an eleionoma
 20932 | Lair:2   | Killed an eleionoma
 21038 | Lair:2   | Reached skill level 5 in Evocations
 21078 | Lair:2   | Reached skill level 10 in Conjurations
 21141 | Lair:2   | Noticed AppTheSpectato's ghost (journeyman TrSh)
 21150 | Lair:2   | Found a transporter.
 21216 | Lair:2   | Reached XP level 13. HP: 68/72 MP: 30/30
 21339 | Lair:2   | Noticed Gastronok
 21360 | Lair:2   | Killed Gastronok
 21386 | Lair:2   | Reached skill level 5 in Earth Magic
 22017 | Lair:3   | Found a hole to the Spider Nest.
 22094 | Lair:3   | Reached skill level 5 in Air Magic
 23686 | Lair:4   | Found a viscous altar of Jiyva.
 23686 | Lair:4   | Found a staircase to the Slime Pits.
 23738 | Lair:4   | Noticed Urug
 23750 | Lair:4   | Killed Urug
 23852 | Lair:4   | Noticed Sonja
 23912 | Lair:4   | Killed Sonja
 23983 | Lair:4   | Reached skill level 5 in Staves
 24335 | Lair:5   | Entered Level 5 of the Lair of Beasts
 24552 | Lair:5   | Reached XP level 14. HP: 78/78 MP: 32/32
 24617 | Lair:5   | Offered knowledge of Yara's Violent Unravelling by Vehumet.
 24624 | Lair:5   | Learned a level 5 spell: Yara's Violent Unravelling
 24832 | Lair:5   | Reached skill level 1 in Transmutations
 26108 | Lair:5   | Identified the ring of the Furies {Ice rCorr MP-9 Int+3}
 27351 | D:7      | Killed Maggie
 27419 | D:7      | Found a runed translucent gate.
 27419 | D:7      | Found a runed translucent gate.
 27419 | D:7      | Found a runed translucent door.
 27420 | D:7      | Found a runed translucent gate.
 27421 | D:7      | Found a runed translucent door.
 27421 | D:7      | Found a runed translucent door.
 27686 | D:7      | Identified the staff "Newtslayer" {rElec rPois rF+ Dex-3
                  | Poison}
 27687 | D:7      | Identified the +12 orcbow of Kinetic {drain, rF+ MP+9
                  | Stlth+}
 27688 | D:7      | Identified the +1 leather armour of Vlad {rPois}
 27689 | D:7      | Identified the +1 pair of gloves of the Hidden Vale {-Tele
                  | +Inv rF++ Str+3}
 27880 | D:8      | Killed Erica
 28002 | D:8      | Found an iron altar of Okawaru.
 28331 | D:9      | Identified the +4 scimitar of Eternal Harmony {flame, Str+3
                  | Int+3 Dex+3}
 28443 | D:9      | Bought a jewelled dagger for 140 gold pieces
 28443 | D:9      | Identified the +6 dagger of Vitragix {freeze, Str+2} (You
                  | bought it in a shop on level 9 of the Dungeon)
 28595 | Lair:2   | Killed AppTheSpectato's ghost
 28689 | Lair:2   | Offered knowledge of Arcjolt by Vehumet.
 28988 | Orc:1    | Demolished by an ettin

Illustrated notes

Levels and vault maps discovered:
D:1:      wander_arrival_fairy_ring, layout_loops_corners,
          dreamdust_ecumenical_altar_sealed_demon
D:2:      layout_loops_ring, kennysheep_minor_cross
D:3:      layout_loops_corners, serial_bayou_pond_d, wad_orctagon
D:4:      layout_basic, minmay_temple_entry_ruins, uniq_robin
D:5:      layout_loops_ring, mainiacjoe_overflow_swirl
D:6:      layout_basic, nicolae_overflow_hidden_temple, fedhas_altar_1,
          grunt_ministairs_8
D:7:      statuecave_lemuel, layout_loops_ring, serial_shops,
          nicolae_shop_statue_plus, lightli_church_of_beogh, uniq_maggie
D:8:      layout_basic, okawaru_humans, enter_bailey_6, uniq_erica,
          uniq_prince_ribbit1
D:9:      minmay_the_grid_triangle_9x9_recursive_2
          [minmay_the_grid_triangle_9x9_prize_center,
          minmay_the_grid_triangle_9x9_limited_checkers,
          minmay_the_grid_triangle_9x9_from_above,
          minmay_the_grid_triangle_9x9_alien], layout_basic,
          ashenzari_conservatory_becter, minmay_orc_entry_temple_small,
          serial_shops, nicolae_shop_advertising_works
          [nicolae_subvault_shop_adworks], shop, nicolae_shop_rolling_square,
          nicolae_shop_rolling_square, nicolae_shop_peninsula
D:10:     layout_stronghold, lemuel_coloured_pillars_altar, uniq_psyche,
          uniq_erolcha
D:11:     layout_loops_corners, lair_entry_dummy, serial_undead,
          serial_undead_a, serial_undead_f, serial_undead_d, serial_undead_c
Temple:   minmay_temple_forest_path
Lair:1:   layout_misc_corridors, serial_bayou_pond_b, dpeg_stationary_puzzle,
          lemuel_fruit_fields, infiniplex_staircase_pool, grunt_megastairs_3
Lair:2:   layout_roguey, alex1729_swamp_entry_worm_eleionoma, nzn_ghost_randoct,
          uniq_gastronok
Lair:3:   layout_cave_pods, nicolae_spider_entry_orb_guardian, minmay_holes,
          hibernation_bobbens, grunt_megastairs_1
Lair:4:   layout_loops_ring, slime_entry_1, cheibrodos_lair_caveside_slide,
          uniq_urug, uniq_sonja
Lair:5:   due_jungle_book, layout_regular_city
Orc:1:    layout_caves, basic_altar, gammafunk_ghost_wrathful_warriors
Orc:2:    st_orc_rangers, layout_caves

Skill      XL: |  1  2  3  4  5  6  7  8  9 10 11 12 13 14 |
---------------+-------------------------------------------+-----
Stealth        | 3 4 6 7 9 10 | 10.0
Dodging        | 3 4 5 7 8 9 10 | 10.0
Fighting       | 1 2 3 4 5 |  5.0
Armour         | 1 2 3 4 5 6 7 |  7.4
Hexes          | 1 2 3 4 6 7 9 10 11 13 | 13.0
Conjurations   | 5 6 7 8 9 10 11 12 | 12.2
Short Blades   | 1 2 |  2.0
Spellcasting   | 4 5 6 7 9 10 11 12 13 | 13.7
Evocations     | 1 2 3 4 5 |  5.0
Translocations | 3 5 |  5.0
Air Magic      | 2 3 4 5 |  5.0
Earth Magic    | 3 4 6 8 |  8.4
Poison Magic   | 3 |  3.0
Staves         | 2 5 |  5.0
Transmutations | 4 |  4.4

Action                     |  1- 3 |  4- 6 |  7- 9 | 10-12 | 13-15 || total
---------------------------+-------+-------+-------+-------+-------++-------
  Melee: Dagger            |       |       |     2 |    48 |       ||    50
         Punch             |       |       |       |     3 |       ||     3
         Staff             |       |       |       |    14 |     6 ||    20
  Throw: Throwing net      |       |       |     1 |       |       ||     1
         Dart              |       |       |     1 |     1 |     5 ||     7
   Cast: Magic Dart        |    78 |    88 |   137 |   202 |    79 ||   584
         Searing Ray       |       |    22 |    50 |   168 |   125 ||   365
         Iskenderun's Myst |       |       |    17 |   160 |   267 ||   444
         Mephitic Cloud    |       |       |       |     6 |     4 ||    10
         Fulminant Prism   |       |       |       |     5 |    30 ||    35
         Airstrike         |       |       |       |     1 |       ||     1
         Brom's Barrelling |       |       |       |       |    35 ||    35
         Bombard           |       |       |       |       |     6 ||     6
  Evoke: Wand              |       |       |     1 |     1 |       ||     2
         Phantom mirror    |       |       |       |       |     1 ||     1
    Use: Scroll            |       |       |    19 |     9 |       ||    28
         Potion            |       |       |     1 |     2 |     3 ||     6
   Stab: Sleeping          |       |       |       |     7 |       ||     7
 Armour: Robe              |     2 |    16 |    39 |    51 |       ||   108
         Acid dragon scale |       |       |       |   201 |   107 ||   308
         Leather armour    |       |       |       |       |    30 ||    30
  Dodge: Dodged            |     3 |    28 |    58 |   397 |   129 ||   615

Table legend: (Time is in decaauts)
 A = Elapsed time spent in this place.
 B = Non-inter-level travel time spent in this place.
 C = Inter-level travel time spent in this place.
 D = Time resting spent in this place.
 E = Time spent auto-exploring this place.
 F = Levels seen in this place.
 G = Mean time per level.
                   A        B        C        D        E       F      G
               +--------+--------+--------+--------+--------+-----+--------+
         Total |  29043 |  26714 |   2329 |   6827 |  14969 |  20 | 1452.2 |
       Dungeon |  15919 |  14127 |   1792 |   2526 |   9430 |  11 | 1447.2 |
        Temple |     74 |      2 |     72 |      0 |      0 |   1 |   74.0 |
          Lair |   8696 |   8374 |    322 |   1962 |   4515 |   5 | 1739.2 |
  Orcish Mines |   3718 |   3576 |    142 |   2016 |    903 |   2 | 1859.0 |
        Bailey |    634 |    634 |      0 |    323 |    120 |   1 |  634.0 |
               +--------+--------+--------+--------+--------+-----+--------+

Top non-repeatable levels by time:
  Lair:5: 2629 daAuts
   Orc:1: 2611 daAuts
     D:9: 2320 daAuts
     D:7: 2199 daAuts
  Lair:1: 1943 daAuts
  Lair:3: 1724 daAuts
     D:8: 1703 daAuts
     D:3: 1584 daAuts
     D:6: 1540 daAuts
    D:10: 1520 daAuts
     D:1: 1339 daAuts
  Lair:2: 1325 daAuts
   Orc:2: 1106 daAuts
  Lair:4: 1072 daAuts
     D:2: 1029 daAuts
